[ AOE2 MATCH · #473315070 ]
Team RMJurchens vs Italians
[ REPLAY ANALYSIS · EXTRACTED FROM THE RECORDED GAME ]
Feudal
—
Castle
—
Imperial
—
| APM avg | 18.4 |
| APM peak | 42 |
| eAPM avg | 16.5 |
| Villagers / military | 165 / 184 |
Focus
⚔️ 38.0% · 🌾 62.0%
Skirmisher ×137 · Trade Cart ×15 · Iron Pagoda ×15 · Unknown (1908) ×14 · Unknown (1911) ×12 · Monk ×10
Feudal
12:25
Castle
16:45
Imperial
36:31
| APM avg | 15.6 |
| APM peak | 91 |
| eAPM avg | 10.5 |
| Villagers / military | 150 / 8 |
Focus
⚔️ 25.8% · 🌾 74.2%
Unknown (1908) ×144 · Trebuchet (Packed) ×4 · Iron Pagoda ×3 · Monk ×1
Feudal
—
Castle
—
Imperial
—
| APM avg | 28.5 |
| APM peak | 218 |
| eAPM avg | 26.0 |
| Villagers / military | 134 / 45 |
Focus
⚔️ 5.6% · 🌾 94.4%
Militia ×44 · Spearman ×1
Feudal
9:24
Castle
18:04
Imperial
29:54
| APM avg | 12.2 |
| APM peak | 39 |
| eAPM avg | 9.9 |
| Villagers / military | 95 / 112 |
Focus
⚔️ 22.8% · 🌾 77.2%
Longbowman ×104 · Scorpion ×6 · Mangonel ×1 · Trebuchet (Packed) ×1
Feudal
10:34
Castle
27:57
Imperial
42:50
| APM avg | 15.6 |
| APM peak | 42 |
| eAPM avg | 13.1 |
| Villagers / military | 166 / 151 |
Focus
⚔️ 33.1% · 🌾 66.9%
Steppe Lancer ×62 · Militia ×35 · Battering Ram ×18 · Iron Pagoda ×14 · Skirmisher ×7 · Trade Cart ×5
Feudal
—
Castle
—
Imperial
—
| APM avg | 16.8 |
| APM peak | 44 |
| eAPM avg | 14.1 |
| Villagers / military | 104 / 293 |
Focus
⚔️ 38.1% · 🌾 61.9%
Scout Cavalry ×124 · Cavalry Archer ×100 · Knight ×46 · Tarkan ×23 · Trade Cart ×8
Feudal
11:04
Castle
23:23
Imperial
36:28
| APM avg | 10.9 |
| APM peak | 35 |
| eAPM avg | 6.1 |
| Villagers / military | 54 / 50 |
Focus
⚔️ 31.2% · 🌾 68.8%
Genoese Crossbowman ×37 · Spearman ×10 · Monk ×3
Feudal
10:40
Castle
17:58
Imperial
37:54
| APM avg | 24.7 |
| APM peak | 53 |
| eAPM avg | 14.1 |
| Villagers / military | 96 / 195 |
Focus
⚔️ 46.0% · 🌾 54.0%
Spearman ×78 · Hand Cannoneer ×52 · Janissary ×34 · Bombard Cannon ×20 · Trebuchet (Packed) ×3 · Monk ×2
Match map
Resources at game start + every placement click. Thick line = wall · dashed box = detected house wall. 🟡 gold · ⚪ stone · 🟢 berries · 🔶 boar · ⭕ relic
Inputs per minute
— ColonelPacha - - House of Bebu
Build order — ColonelPacha
First 150 of 569 actions detected
| 0:07 | Build | House |
| 0:10 | Research | Loom |
| 0:11 | Create | Villager (Male) |
| 0:11 | Create | Villager (Male) |
| 0:11 | Create | Villager (Male) |
| 0:12 | Create | Villager (Male) |
| 0:12 | Create | Villager (Male) |
| 0:51 | Build | House |
| 1:20 | Build | House |
| 1:54 | Create | Villager (Male) |
| 1:54 | Create | Villager (Male) |
| 2:19 | Create | Villager (Male) |
| 2:20 | Create | Villager (Male) |
| 2:27 | Build | Lumber Camp |
| 2:48 | Create | Villager (Male) |
| 2:49 | Create | Villager (Male) |
| 3:11 | Create | Villager (Male) |
| 3:51 | Create | Villager (Male) |
| 4:07 | Create | Villager (Male) |
| 4:45 | Create | Villager (Male) |
| 5:11 | Create | Villager (Male) |
| 5:18 | Build | Mill |
| 5:47 | Build | Mill |
| 5:52 | Create | Villager (Male) |
| 5:52 | Create | Villager (Male) |
| 6:08 | Create | Villager (Male) |
| 6:08 | Create | Villager (Male) |
| 6:22 | Create | Villager (Male) |
| 6:22 | Create | Villager (Male) |
| 6:49 | Build | House |
| 6:55 | Create | Villager (Male) |
| 7:50 | Create | Villager (Male) |
| 7:50 | Create | Villager (Male) |
| 8:29 | Build | House |
| 8:34 | Create | Villager (Male) |
| 8:50 | Create | Villager (Male) |
| 9:28 | Research | Feudal Age |
| 10:17 | Build | Mining Camp |
| 10:27 | Create | Villager (Male) |
| 10:27 | Create | Villager (Male) |
| 10:27 | Create | Villager (Male) |
| 11:44 | Build | Mining Camp |
| 11:51 | Research | Double-Bit Axe |
| 11:52 | Research | Horse Collar |
| 11:53 | Research | Gold Mining |
| 12:19 | Build | House |
| 12:24 | Create | Villager (Male) |
| 12:24 | Create | Villager (Male) |
| 12:54 | Build | House |
| 13:06 | Create | Villager (Male) |
| 13:06 | Create | Villager (Male) |
| 13:24 | Build | House |
| 14:18 | Build | Lumber Camp |
| 14:22 | Create | Villager (Male) |
| 14:49 | Create | Villager (Male) |
| 15:07 | Build | Lumber Camp |
| 15:15 | Build | Farm |
| 15:23 | Create | Villager (Male) |
| 15:38 | Build | Farm |
| 15:41 | Create | Villager (Male) |
| 15:47 | Research | Stone Mining |
| 16:04 | Build | Market |
| 16:09 | Build | Farm |
| 16:12 | Create | Villager (Male) |
| 16:24 | Build | House |
| 16:30 | Build | Farm |
| 16:34 | Create | Villager (Male) |
| 16:48 | Build | Barracks |
| 16:54 | Build | Farm |
| 16:58 | Build | House |
| 17:01 | Create | Villager (Male) |
| 17:15 | Build | Blacksmith |
| 17:20 | Build | Farm |
| 17:22 | Create | Villager (Male) |
| 17:29 | Build | House |
| 17:45 | Build | Farm |
| 17:50 | Build | Archery Range |
| 18:01 | Build | House |
| 18:05 | Create | Villager (Male) |
| 18:05 | Create | Villager (Male) |
| 18:13 | Build | Farm |
| 18:16 | Create | Villager (Male) |
| 18:30 | Research | Padded Archer Armor |
| 18:34 | Build | House |
| 18:41 | Build | Farm |
| 18:51 | Build | Archery Range |
| 18:55 | Create | Archer |
| 18:55 | Create | Archer |
| 18:55 | Create | Archer |
| 18:59 | Create | Villager (Male) |
| 18:59 | Create | Villager (Male) |
| 19:15 | Build | Farm |
| 19:21 | Build | House |
| 19:39 | Build | Farm |
| 19:53 | Build | Farm |
| 19:57 | Build | House |
| 20:00 | Build | Archery Range |
| 20:06 | Create | Skirmisher |
| 20:06 | Create | Skirmisher |
| 20:06 | Create | Skirmisher |
| 20:07 | Create | Skirmisher |
| 20:07 | Create | Skirmisher |
| 20:10 | Create | Villager (Male) |
| 20:11 | Create | Villager (Male) |
| 20:24 | Build | Farm |
| 20:29 | Build | Farm |
| 20:34 | Build | House |
| 20:42 | Build | Farm |
| 20:46 | Build | Farm |
| 20:53 | Build | Farm |
| 20:58 | Research | Fletching |
| 21:05 | Build | Watch Tower |
| 21:10 | Create | Skirmisher |
| 21:10 | Create | Skirmisher |
| 21:10 | Create | Skirmisher |
| 21:10 | Create | Skirmisher |
| 21:36 | Build | Farm |
| 21:41 | Build | Farm |
| 21:46 | Build | Farm |
| 21:49 | Create | Villager (Male) |
| 21:49 | Create | Villager (Male) |
| 21:58 | Build | Farm |
| 22:02 | Build | Farm |
| 22:18 | Create | Skirmisher |
| 22:18 | Create | Skirmisher |
| 22:18 | Create | Skirmisher |
| 22:19 | Create | Skirmisher |
| 22:25 | Build | Farm |
| 22:30 | Create | Villager (Male) |
| 22:30 | Create | Villager (Male) |
| 22:38 | Build | Farm |
| 22:45 | Build | House |
| 22:51 | Build | Farm |
| 22:59 | Build | Watch Tower |
| 23:20 | Build | Farm |
| 23:23 | Research | Castle Age |
| 23:28 | Build | Farm |
| 23:39 | Build | Farm |
| 23:50 | Build | Lumber Camp |
| 24:01 | Create | Skirmisher |
| 24:01 | Create | Skirmisher |
| 24:01 | Create | Skirmisher |
| 24:11 | Create | Spearman |
| 24:12 | Create | Spearman |
| 24:12 | Create | Spearman |
| 24:31 | Create | Trade Cart |
| 24:31 | Create | Trade Cart |
| 24:31 | Create | Trade Cart |
| 24:31 | Create | Trade Cart |
| 24:32 | Create | Villager (Male) |
Build order — House of Bebu
First 150 of 340 actions detected
| 0:03 | Create | Villager (Male) |
| 0:03 | Create | Villager (Male) |
| 0:03 | Create | Villager (Male) |
| 0:04 | Create | Villager (Male) |
| 0:04 | Create | Villager (Male) |
| 0:04 | Create | Villager (Male) |
| 0:09 | Build | House |
| 0:14 | Build | House |
| 1:34 | Create | Villager (Male) |
| 1:34 | Create | Villager (Male) |
| 1:34 | Create | Villager (Male) |
| 2:01 | Create | Villager (Male) |
| 2:01 | Create | Villager (Male) |
| 2:01 | Create | Villager (Male) |
| 2:31 | Create | Villager (Male) |
| 2:32 | Create | Villager (Male) |
| 2:32 | Create | Villager (Male) |
| 2:51 | Create | Villager (Male) |
| 2:51 | Create | Villager (Male) |
| 2:52 | Create | Villager (Male) |
| 3:20 | Create | Villager (Male) |
| 3:20 | Create | Villager (Male) |
| 3:21 | Create | Villager (Male) |
| 3:35 | Build | House |
| 3:36 | Build | House |
| 3:36 | Build | House |
| 3:36 | Build | House |
| 3:37 | Build | House |
| 3:38 | Build | House |
| 3:38 | Build | House |
| 3:49 | Create | Villager (Male) |
| 3:49 | Create | Villager (Male) |
| 3:50 | Create | Villager (Male) |
| 3:50 | Create | Villager (Male) |
| 4:21 | Create | Villager (Male) |
| 4:21 | Create | Villager (Male) |
| 4:21 | Create | Villager (Male) |
| 4:21 | Create | Villager (Male) |
| 4:29 | Build | Mill |
| 5:06 | Build | Lumber Camp |
| 5:20 | Create | Villager (Male) |
| 5:21 | Create | Villager (Male) |
| 5:21 | Create | Villager (Male) |
| 5:56 | Create | Villager (Male) |
| 5:56 | Create | Villager (Male) |
| 5:56 | Create | Villager (Male) |
| 6:29 | Build | Mill |
| 6:37 | Create | Villager (Male) |
| 6:37 | Create | Villager (Male) |
| 6:38 | Create | Villager (Male) |
| 6:38 | Create | Villager (Male) |
| 8:22 | Create | Villager (Male) |
| 8:22 | Create | Villager (Male) |
| 8:23 | Create | Villager (Male) |
| 8:57 | Build | Mining Camp |
| 9:12 | Build | House |
| 10:15 | Research | Feudal Age |
| 10:49 | Create | Villager (Male) |
| 10:50 | Create | Villager (Male) |
| 10:50 | Create | Villager (Male) |
| 10:50 | Create | Villager (Male) |
| 11:07 | Build | Mill |
| 12:25 | Age | Feudal Age |
| 12:42 | Build | Blacksmith |
| 12:48 | Build | Market |
| 13:49 | Build | Barracks |
| 13:52 | Research | Castle Age |
| 14:18 | Build | House |
| 14:19 | Build | House |
| 14:19 | Build | House |
| 14:19 | Build | House |
| 14:20 | Build | House |
| 14:20 | Build | House |
| 14:20 | Build | House |
| 14:20 | Build | House |
| 14:21 | Build | House |
| 14:21 | Build | House |
| 14:21 | Build | House |
| 14:42 | Research | Horse Collar |
| 14:46 | Research | Double-Bit Axe |
| 15:45 | Build | Mill |
| 15:59 | Build | Stable |
| 16:32 | Create | Villager (Male) |
| 16:32 | Create | Villager (Male) |
| 16:33 | Create | Villager (Male) |
| 16:33 | Create | Villager (Male) |
| 16:45 | Age | Castle Age |
| 16:54 | Build | Mining Camp |
| 17:08 | Research | Bow Saw |
| 17:12 | Research | Gold Mining |
| 18:03 | Create | Villager (Male) |
| 18:03 | Create | Villager (Male) |
| 18:03 | Create | Villager (Male) |
| 18:13 | Build | Monastery |
| 18:32 | Research | Stone Mining |
| 18:56 | Create | Monk |
| 19:19 | Research | Gold Shaft Mining |
| 19:19 | Research | Gold Shaft Mining |
| 19:20 | Research | Stone Shaft Mining |
| 19:26 | Research | Heavy Plow |
| 19:31 | Create | Villager (Male) |
| 19:31 | Create | Villager (Male) |
| 19:31 | Create | Villager (Male) |
| 20:22 | Create | Villager (Male) |
| 20:22 | Create | Villager (Male) |
| 20:22 | Create | Villager (Male) |
| 20:22 | Create | Villager (Male) |
| 20:23 | Create | Villager (Male) |
| 20:52 | Build | House |
| 20:52 | Build | House |
| 20:52 | Build | House |
| 20:53 | Build | House |
| 20:53 | Build | House |
| 20:53 | Build | House |
| 20:53 | Build | House |
| 21:32 | Build | Town Center |
| 22:08 | Build | Mining Camp |
| 22:24 | Create | Villager (Male) |
| 22:24 | Create | Villager (Male) |
| 22:24 | Create | Villager (Male) |
| 22:25 | Create | Villager (Male) |
| 22:25 | Create | Villager (Male) |
| 22:25 | Create | Villager (Male) |
| 22:25 | Create | Villager (Male) |
| 22:26 | Create | Villager (Male) |
| 22:49 | Build | Castle |
| 22:57 | Build | Farm |
| 23:14 | Build | Farm |
| 23:26 | Build | Farm |
| 23:31 | Create | Villager (Male) |
| 23:32 | Create | Villager (Male) |
| 23:32 | Create | Villager (Male) |
| 23:32 | Create | Villager (Male) |
| 23:33 | Create | Villager (Male) |
| 23:43 | Build | Farm |
| 23:44 | Build | Farm |
| 24:22 | Create | Villager (Male) |
| 24:22 | Create | Villager (Male) |
| 24:23 | Create | Villager (Male) |
| 24:34 | Build | Farm |
| 24:35 | Build | Farm |
| 24:43 | Build | Farm |
| 24:44 | Build | Farm |
| 24:45 | Build | Farm |
| 25:39 | Build | Farm |
| 25:43 | Create | Villager (Male) ×3 |
| 25:43 | Create | Villager (Male) ×3 |
| 26:13 | Create | Unit 1908 |
| 26:30 | Create | Villager (Male) |
| 26:31 | Create | Villager (Male) |
Build order — LegionZxDooM
First 150 of 617 actions detected
| 0:14 | Research | Loom |
| 0:19 | Create | Villager (Male) ×4 |
| 0:25 | Build | House |
| 0:37 | Build | House |
| 0:42 | Build | House |
| 1:15 | Build | Mill |
| 2:34 | Create | Villager (Male) |
| 3:06 | Create | Villager (Male) |
| 3:07 | Create | Villager (Male) |
| 3:30 | Create | Villager (Male) |
| 3:30 | Create | Villager (Male) |
| 3:45 | Create | Villager (Male) |
| 3:45 | Create | Villager (Male) |
| 4:11 | Create | Villager (Male) |
| 4:12 | Create | Villager (Male) |
| 4:12 | Create | Villager (Male) |
| 4:12 | Create | Villager (Male) |
| 4:32 | Create | Villager (Male) |
| 4:32 | Create | Villager (Male) |
| 4:55 | Create | Villager (Male) |
| 4:55 | Create | Villager (Male) |
| 4:55 | Create | Villager (Male) |
| 5:48 | Create | Villager (Male) |
| 5:49 | Create | Villager (Male) |
| 5:49 | Create | Villager (Male) |
| 7:01 | Create | Villager (Male) |
| 7:01 | Create | Villager (Male) |
| 7:01 | Create | Villager (Male) |
| 7:01 | Create | Villager (Male) |
| 7:02 | Create | Villager (Male) |
| 7:02 | Create | Villager (Male) |
| 7:03 | Create | Villager (Male) |
| 7:03 | Create | Villager (Male) |
| 7:14 | Build | House |
| 7:40 | Build | House |
| 7:42 | Build | House |
| 7:46 | Build | House |
| 8:58 | Create | Villager (Male) ×11 |
| 9:24 | Build | House |
| 9:43 | Build | House |
| 9:48 | Create | Villager (Male) |
| 9:48 | Create | Villager (Male) |
| 9:49 | Create | Villager (Male) |
| 10:02 | Build | House |
| 10:10 | Create | Villager (Male) |
| 10:11 | Create | Villager (Male) |
| 10:35 | Create | Villager (Male) |
| 11:01 | Build | Lumber Camp |
| 11:14 | Create | Villager (Male) ×12 |
| 11:41 | Create | Villager (Male) ×2 |
| 12:03 | Research | Feudal Age |
| 12:34 | Build | Barracks |
| 13:51 | Build | Mining Camp |
| 14:17 | Build | Farm |
| 14:17 | Build | Farm |
| 14:17 | Build | Farm |
| 14:17 | Build | Farm |
| 14:17 | Build | Farm |
| 14:17 | Build | Farm |
| 14:17 | Build | Farm |
| 14:17 | Build | Farm |
| 14:17 | Build | Farm |
| 14:17 | Build | Farm |
| 14:18 | Build | Farm |
| 14:18 | Build | Farm |
| 14:18 | Build | Farm |
| 14:18 | Build | Farm |
| 14:18 | Build | Farm |
| 14:18 | Build | Farm |
| 14:18 | Build | Farm |
| 14:18 | Build | Farm |
| 14:18 | Build | Farm |
| 14:18 | Build | Farm |
| 14:18 | Build | Farm |
| 14:18 | Build | Farm |
| 14:18 | Build | Farm |
| 14:18 | Build | Farm |
| 14:18 | Build | Farm |
| 14:18 | Build | Farm |
| 14:18 | Build | Farm |
| 14:18 | Build | Farm |
| 14:18 | Build | Farm |
| 14:18 | Build | Farm |
| 14:18 | Build | Farm |
| 14:18 | Build | Farm |
| 14:18 | Build | Farm |
| 14:18 | Build | Farm |
| 14:18 | Build | Farm |
| 14:18 | Build | Farm |
| 14:18 | Build | Farm |
| 14:18 | Build | Farm |
| 14:18 | Build | Farm |
| 14:18 | Build | Farm |
| 14:18 | Build | Farm |
| 14:18 | Build | Farm |
| 14:18 | Build | Farm |
| 14:18 | Build | Farm |
| 14:18 | Build | Farm |
| 14:18 | Build | Farm |
| 14:18 | Build | Farm |
| 14:19 | Build | Farm |
| 14:19 | Build | Farm |
| 14:19 | Build | Farm |
| 14:19 | Build | Farm |
| 14:19 | Build | Farm |
| 14:19 | Build | Farm |
| 14:19 | Build | Farm |
| 14:19 | Build | Farm |
| 14:19 | Build | Farm |
| 14:19 | Build | Farm |
| 14:19 | Build | Farm |
| 14:19 | Build | Farm |
| 14:19 | Build | Farm |
| 14:19 | Build | Farm |
| 14:19 | Build | Farm |
| 14:19 | Build | Farm |
| 14:19 | Build | Farm |
| 14:19 | Build | Farm |
| 14:19 | Build | Farm |
| 14:29 | Research | Wheelbarrow |
| 14:35 | Research | Horse Collar |
| 14:42 | Build | Farm |
| 14:42 | Build | Farm |
| 14:42 | Build | Farm |
| 14:42 | Build | Farm |
| 14:42 | Build | Farm |
| 14:42 | Build | Farm |
| 14:42 | Build | Farm |
| 14:42 | Build | Farm |
| 14:42 | Build | Farm |
| 14:42 | Build | Farm |
| 14:42 | Build | Farm |
| 14:42 | Build | Farm |
| 14:50 | Research | Double-Bit Axe |
| 15:08 | Build | Farm |
| 15:08 | Build | Farm |
| 15:08 | Build | Farm |
| 15:08 | Build | Farm |
| 15:08 | Build | Farm |
| 15:08 | Build | Farm |
| 15:08 | Build | Farm |
| 15:08 | Build | Farm |
| 15:08 | Build | Farm |
| 15:08 | Build | Farm |
| 15:08 | Build | Farm |
| 15:08 | Build | Farm |
| 15:08 | Build | Farm |
| 15:08 | Build | Farm |
| 15:08 | Build | Farm |
| 15:08 | Build | Farm |
Build order — Asturon
First 150 of 209 actions detected
| 0:04 | Build | House |
| 0:05 | Build | House |
| 0:06 | Create | Villager (Male) ×4 |
| 1:27 | Create | Villager (Male) |
| 1:52 | Create | Villager (Male) |
| 2:14 | Create | Villager (Male) |
| 2:43 | Build | Lumber Camp |
| 2:51 | Create | Villager (Male) ×2 |
| 3:04 | Build | House |
| 3:43 | Create | Villager (Male) |
| 4:03 | Create | Villager (Male) |
| 4:37 | Create | Villager (Male) |
| 4:37 | Create | Villager (Male) |
| 5:13 | Build | Mill |
| 5:20 | Create | Villager (Male) |
| 5:21 | Create | Villager (Male) |
| 6:04 | Create | Villager (Male) |
| 6:27 | Research | Loom |
| 7:14 | Research | Feudal Age |
| 7:22 | Build | House |
| 7:24 | Build | House |
| 7:30 | Build | Mining Camp |
| 7:56 | Create | Villager (Male) |
| 8:23 | Create | Villager (Male) |
| 8:42 | Build | Lumber Camp |
| 9:24 | Age | Feudal Age |
| 9:30 | Research | Double-Bit Axe |
| 9:34 | Research | Horse Collar |
| 10:13 | Create | Villager (Male) ×5 |
| 10:19 | Build | Farm |
| 10:46 | Build | Farm |
| 10:51 | Build | Farm |
| 11:07 | Build | House |
| 11:17 | Build | Farm |
| 11:31 | Build | Farm |
| 11:41 | Build | Farm |
| 11:48 | Build | House |
| 12:03 | Create | Villager (Male) |
| 12:03 | Create | Villager (Male) |
| 12:17 | Build | Blacksmith |
| 12:22 | Build | House |
| 12:41 | Build | Farm |
| 12:43 | Build | Farm |
| 12:52 | Build | Farm |
| 13:15 | Create | Villager (Male) ×5 |
| 13:24 | Build | Farm |
| 13:45 | Build | Market |
| 14:06 | Build | Mining Camp |
| 14:55 | Build | Palisade Wall |
| 15:10 | Build | Palisade Wall |
| 15:18 | Build | Palisade Wall |
| 15:24 | Research | Castle Age |
| 15:31 | Research | Gold Mining |
| 15:37 | Build | Farm |
| 16:36 | Create | Villager (Male) |
| 16:37 | Create | Villager (Male) |
| 16:40 | Research | Stone Mining |
| 18:04 | Age | Castle Age |
| 18:08 | Build | Town Center |
| 18:16 | Build | Town Center |
| 18:19 | Research | Bow Saw |
| 18:22 | Research | Heavy Plow |
| 18:31 | Create | Villager (Male) ×4 |
| 18:59 | Build | Farm |
| 19:04 | Build | Farm |
| 19:24 | Create | Villager (Male) ×5 |
| 19:47 | Build | Farm |
| 19:50 | Build | Farm |
| 19:51 | Build | Farm |
| 19:52 | Build | Farm |
| 19:55 | Build | Farm |
| 19:58 | Create | Villager (Male) ×3 |
| 20:32 | Create | Villager (Male) |
| 20:39 | Create | Villager (Male) |
| 20:43 | Create | Villager (Male) |
| 20:53 | Build | Farm |
| 21:10 | Create | Villager (Male) |
| 21:12 | Research | Wheelbarrow |
| 21:19 | Create | Villager (Male) |
| 21:44 | Create | Villager (Male) |
| 21:44 | Create | Villager (Male) |
| 21:47 | Create | Villager (Male) |
| 21:47 | Create | Villager (Male) |
| 21:51 | Create | Villager (Male) |
| 22:01 | Build | Castle |
| 22:13 | Build | House |
| 22:15 | Build | House |
| 22:18 | Build | House |
| 22:19 | Build | House |
| 22:21 | Build | House |
| 22:29 | Research | Town Watch |
| 22:30 | Create | Villager (Male) |
| 22:30 | Create | Villager (Male) |
| 22:34 | Create | Villager (Male) |
| 22:35 | Create | Villager (Male) |
| 23:10 | Create | Villager (Male) |
| 23:12 | Research | Hand Cart |
| 23:26 | Build | Mill |
| 23:27 | Build | Farm |
| 23:28 | Build | Farm |
| 23:29 | Build | Farm |
| 23:31 | Build | Farm |
| 23:32 | Build | Farm |
| 23:33 | Build | Farm |
| 23:34 | Build | Farm |
| 23:42 | Create | Villager (Male) |
| 23:45 | Create | Villager (Male) ×4 |
| 23:53 | Build | House |
| 23:54 | Build | House |
| 23:56 | Create | Longbowman ×5 |
| 24:09 | Create | Villager (Male) ×2 |
| 24:18 | Build | Mill |
| 24:20 | Build | Farm |
| 24:21 | Build | Farm |
| 24:22 | Build | Farm |
| 24:23 | Build | Farm |
| 24:24 | Build | Farm |
| 24:27 | Build | Farm |
| 24:39 | Create | Villager (Male) |
| 24:39 | Create | Villager (Male) |
| 24:47 | Create | Villager (Male) |
| 24:47 | Create | Villager (Male) |
| 25:05 | Create | Villager (Male) |
| 25:06 | Create | Villager (Male) |
| 25:08 | Create | Villager (Male) |
| 25:08 | Create | Villager (Male) |
| 25:14 | Build | Farm |
| 25:19 | Create | Villager (Male) |
| 25:23 | Build | Farm |
| 25:32 | Build | Farm |
| 25:36 | Create | Villager (Male) |
| 25:37 | Create | Villager (Male) |
| 26:06 | Build | Farm |
| 26:09 | Create | Villager (Male) |
| 26:15 | Create | Villager (Male) |
| 26:16 | Create | Villager (Male) |
| 26:27 | Create | Longbowman |
| 26:27 | Create | Longbowman |
| 26:27 | Create | Longbowman |
| 26:44 | Research | Imperial Age |
| 27:02 | Research | Fletching |
| 27:03 | Research | Padded Archer Armor |
| 27:19 | Create | Longbowman |
| 27:19 | Create | Longbowman |
| 27:19 | Create | Longbowman |
| 27:20 | Create | Longbowman |
| 27:20 | Create | Longbowman |
| 27:51 | Research | Bodkin Arrow |
| 27:57 | Build | University |
| 27:59 | Build | House |
Build order — buraktaylaweb
First 150 of 508 actions detected
| 0:03 | Create | Villager (Male) |
| 0:03 | Create | Villager (Male) |
| 0:04 | Create | Villager (Male) |
| 0:04 | Create | Villager (Male) |
| 0:04 | Create | Villager (Male) |
| 0:11 | Build | House |
| 0:13 | Build | House |
| 0:15 | Build | House |
| 1:34 | Build | House |
| 1:49 | Create | Villager (Male) |
| 2:23 | Create | Villager (Male) |
| 2:39 | Create | Villager (Male) |
| 3:00 | Create | Villager (Male) |
| 3:20 | Create | Villager (Male) |
| 3:41 | Create | Villager (Male) |
| 3:56 | Create | Villager (Male) |
| 4:17 | Create | Villager (Male) |
| 4:31 | Create | Villager (Male) |
| 4:31 | Create | Villager (Male) |
| 4:39 | Create | Villager (Male) |
| 4:39 | Create | Villager (Male) |
| 5:16 | Create | Villager (Male) |
| 5:17 | Create | Villager (Male) |
| 5:17 | Create | Villager (Male) |
| 6:02 | Create | Villager (Male) |
| 6:02 | Create | Villager (Male) |
| 6:02 | Create | Villager (Male) |
| 6:44 | Build | Lumber Camp |
| 6:56 | Create | Villager (Male) |
| 7:11 | Build | Mill |
| 7:40 | Create | Villager (Male) |
| 8:24 | Research | Feudal Age |
| 10:31 | Build | House |
| 10:33 | Build | House |
| 10:34 | Age | Feudal Age |
| 10:40 | Research | Wheelbarrow |
| 10:46 | Research | Double-Bit Axe |
| 10:51 | Research | Horse Collar |
| 11:02 | Build | Mining Camp |
| 11:18 | Build | House |
| 11:18 | Build | House |
| 11:20 | Build | House |
| 11:20 | Build | House |
| 11:23 | Build | House |
| 11:26 | Build | House |
| 11:29 | Build | House |
| 11:47 | Build | Building 673 |
| 11:50 | Build | Stone Wall |
| 11:51 | Build | Stone Wall |
| 11:57 | Build | Stone Wall |
| 12:08 | Create | Villager (Male) |
| 12:09 | Create | Villager (Male) |
| 12:09 | Create | Villager (Male) |
| 12:09 | Create | Villager (Male) |
| 12:09 | Create | Villager (Male) |
| 12:10 | Create | Villager (Male) |
| 12:10 | Create | Villager (Male) |
| 12:10 | Create | Villager (Male) |
| 12:29 | Build | Farm |
| 12:30 | Build | Farm |
| 12:32 | Build | Farm |
| 12:34 | Build | Farm |
| 12:36 | Build | Farm |
| 12:37 | Build | Farm |
| 12:39 | Build | Farm |
| 12:41 | Build | Farm |
| 12:42 | Build | Farm |
| 12:43 | Build | Farm |
| 12:45 | Build | Farm |
| 12:47 | Build | Farm |
| 12:49 | Build | Farm |
| 12:50 | Build | Farm |
| 12:51 | Build | Farm |
| 13:22 | Build | Farm |
| 13:23 | Build | Farm |
| 13:25 | Build | Farm |
| 13:27 | Build | Farm |
| 13:30 | Build | Farm |
| 13:39 | Build | Farm |
| 13:46 | Create | Villager (Male) |
| 14:31 | Build | Barracks |
| 14:43 | Create | Villager (Male) |
| 14:44 | Create | Villager (Male) |
| 14:44 | Create | Villager (Male) |
| 14:44 | Create | Villager (Male) |
| 14:44 | Create | Villager (Male) |
| 14:44 | Create | Villager (Male) |
| 15:02 | Build | Farm |
| 15:04 | Build | Farm |
| 15:06 | Build | Farm |
| 15:10 | Build | Farm |
| 15:13 | Build | Farm |
| 15:18 | Create | Villager (Male) |
| 15:18 | Create | Villager (Male) |
| 15:19 | Create | Villager (Male) |
| 15:19 | Create | Villager (Male) |
| 15:19 | Create | Villager (Male) |
| 15:46 | Create | Spearman |
| 15:47 | Create | Spearman |
| 16:32 | Create | Militia |
| 16:32 | Create | Militia |
| 16:34 | Create | Militia |
| 16:49 | Research | Gold Mining |
| 17:00 | Build | Archery Range |
| 17:20 | Research | Man-at-Arms (upgrade) |
| 18:56 | Create | Villager (Male) |
| 18:56 | Create | Villager (Male) |
| 18:56 | Create | Villager (Male) |
| 18:56 | Create | Villager (Male) |
| 18:57 | Create | Villager (Male) |
| 18:57 | Create | Villager (Male) |
| 18:57 | Create | Villager (Male) |
| 18:57 | Create | Villager (Male) |
| 18:58 | Create | Villager (Male) |
| 18:58 | Create | Villager (Male) |
| 18:58 | Create | Villager (Male) |
| 18:58 | Create | Villager (Male) |
| 19:08 | Create | Militia |
| 19:08 | Create | Militia |
| 21:07 | Create | Archer |
| 21:07 | Create | Archer |
| 21:35 | Create | Skirmisher |
| 21:35 | Create | Skirmisher |
| 21:35 | Create | Skirmisher |
| 21:42 | Build | Watch Tower |
| 21:50 | Create | Militia |
| 21:51 | Create | Militia |
| 21:51 | Create | Militia |
| 21:51 | Create | Militia |
| 21:51 | Create | Militia |
| 22:11 | Create | Villager (Male) |
| 22:11 | Create | Villager (Male) |
| 22:19 | Build | Barracks |
| 22:24 | Create | Archer |
| 22:24 | Create | Archer |
| 23:46 | Build | Stable |
| 24:03 | Build | Stone Wall |
| 25:08 | Create | Militia |
| 25:09 | Create | Militia |
| 25:09 | Create | Militia |
| 25:17 | Research | Castle Age |
| 25:21 | Create | Scout Cavalry |
| 25:21 | Create | Scout Cavalry |
| 25:30 | Build | Mining Camp |
| 25:35 | Research | Stone Mining |
| 25:53 | Create | Skirmisher |
| 25:54 | Create | Skirmisher |
| 26:04 | Create | Skirmisher |
| 26:04 | Create | Skirmisher |
| 26:51 | Create | Militia |
Build order — NAPOLEON1096
First 150 of 360 actions detected
| 0:04 | Create | Villager (Male) |
| 0:04 | Create | Villager (Male) |
| 0:04 | Create | Villager (Male) |
| 0:04 | Create | Villager (Male) |
| 0:05 | Create | Villager (Male) |
| 0:06 | Research | Loom |
| 2:24 | Build | Lumber Camp |
| 2:28 | Create | Villager (Male) |
| 2:28 | Create | Villager (Male) |
| 2:29 | Create | Villager (Male) |
| 3:09 | Create | Villager (Male) |
| 3:36 | Create | Villager (Male) |
| 4:10 | Create | Villager (Male) |
| 4:32 | Create | Villager (Male) |
| 4:56 | Create | Villager (Male) |
| 5:35 | Create | Villager (Male) |
| 6:01 | Build | Mill |
| 6:44 | Create | Villager (Male) |
| 6:44 | Create | Villager (Male) |
| 7:41 | Create | Villager (Male) |
| 7:42 | Create | Villager (Male) |
| 7:42 | Create | Villager (Male) |
| 8:14 | Build | Mining Camp |
| 8:18 | Build | Outpost |
| 8:26 | Create | Villager (Male) |
| 8:43 | Create | Villager (Male) |
| 9:04 | Build | Outpost |
| 9:28 | Create | Villager (Male) |
| 9:28 | Create | Villager (Male) |
| 10:01 | Create | Villager (Male) |
| 10:16 | Build | Mill |
| 10:31 | Create | Villager (Male) |
| 10:45 | Build | Outpost |
| 11:08 | Research | Feudal Age |
| 11:11 | Create | Villager (Male) |
| 11:24 | Build | Mining Camp |
| 11:38 | Create | Villager (Male) |
| 11:38 | Create | Villager (Male) |
| 12:03 | Build | Outpost |
| 12:14 | Build | Barracks |
| 12:23 | Create | Villager (Male) |
| 12:34 | Build | Outpost |
| 13:26 | Research | Town Watch |
| 13:31 | Research | Double-Bit Axe |
| 13:41 | Build | Blacksmith |
| 13:50 | Research | Horse Collar |
| 14:00 | Build | Outpost |
| 14:13 | Build | Outpost |
| 14:24 | Build | Farm |
| 14:25 | Build | Farm |
| 14:26 | Build | Farm |
| 14:28 | Create | Villager (Male) |
| 14:29 | Create | Villager (Male) |
| 14:35 | Build | Farm |
| 14:53 | Build | Watch Tower |
| 15:02 | Build | Watch Tower |
| 15:09 | Research | Fletching |
| 15:29 | Create | Villager (Male) |
| 16:02 | Build | Market |
| 16:16 | Build | Stone Wall |
| 16:25 | Research | Stone Mining |
| 16:35 | Create | Villager (Male) |
| 16:35 | Create | Villager (Male) |
| 16:44 | Build | Farm |
| 17:12 | Build | Farm |
| 17:16 | Create | Villager (Male) |
| 17:16 | Create | Villager (Male) |
| 17:28 | Build | Building 487 |
| 17:42 | Build | Farm |
| 18:01 | Build | Farm |
| 18:26 | Build | Farm |
| 18:29 | Create | Villager (Male) |
| 18:29 | Create | Villager (Male) |
| 18:30 | Research | Wheelbarrow |
| 19:06 | Build | Farm |
| 19:13 | Create | Trade Cart |
| 19:13 | Create | Trade Cart |
| 19:22 | Create | Villager (Male) |
| 19:23 | Create | Villager (Male) |
| 19:29 | Build | Farm |
| 20:02 | Create | Villager (Male) |
| 20:10 | Build | Stable |
| 20:20 | Build | Archery Range |
| 20:30 | Build | Farm |
| 21:30 | Research | Castle Age |
| 21:40 | Build | Archery Range |
| 22:05 | Research | Forging |
| 22:10 | Create | Villager (Male) |
| 22:10 | Create | Villager (Male) |
| 22:40 | Build | Stable |
| 22:59 | Research | Padded Archer Armor |
| 23:00 | Research | Scale Barding Armor |
| 23:18 | Create | Villager (Male) |
| 23:19 | Create | Villager (Male) |
| 23:49 | Build | Farm |
| 24:06 | Build | Stone Wall |
| 24:34 | Research | Husbandry |
| 24:42 | Create | Cavalry Archer |
| 24:42 | Create | Cavalry Archer |
| 24:42 | Create | Cavalry Archer |
| 24:42 | Create | Cavalry Archer |
| 24:46 | Research | Gold Mining |
| 24:52 | Build | Castle |
| 24:56 | Research | Bloodlines |
| 24:57 | Research | Light Cavalry (upgrade) |
| 25:03 | Create | Knight |
| 25:22 | Create | Scout Cavalry |
| 25:22 | Create | Scout Cavalry |
| 25:27 | Create | Knight |
| 25:38 | Build | Building 490 |
| 25:45 | Research | Heavy Plow |
| 25:51 | Build | Farm |
| 25:58 | Build | Farm |
| 26:09 | Build | Town Center |
| 26:25 | Build | Town Center |
| 26:31 | Research | Bow Saw |
| 26:34 | Create | Villager (Male) |
| 26:34 | Create | Villager (Male) |
| 26:38 | Build | Farm |
| 27:00 | Create | Villager (Male) |
| 27:01 | Create | Villager (Male) |
| 27:08 | Build | Farm |
| 27:25 | Build | Farm |
| 27:26 | Build | Farm |
| 28:10 | Create | Villager (Male) |
| 28:10 | Create | Villager (Male) |
| 28:10 | Create | Villager (Male) |
| 28:25 | Create | Villager (Male) |
| 28:26 | Research | Hand Cart |
| 28:27 | Create | Villager (Male) |
| 28:55 | Build | Mining Camp |
| 29:01 | Create | Villager (Male) |
| 29:01 | Create | Villager (Male) |
| 29:01 | Create | Villager (Male) |
| 29:04 | Create | Villager (Male) |
| 29:05 | Create | Villager (Male) |
| 29:16 | Create | Villager (Male) |
| 29:21 | Create | Villager (Male) |
| 29:27 | Build | Farm |
| 29:29 | Build | Farm |
| 29:35 | Build | Farm |
| 29:37 | Build | Farm |
| 29:38 | Build | Farm |
| 29:42 | Create | Villager (Male) |
| 29:44 | Create | Villager (Male) |
| 29:47 | Create | Villager (Male) |
| 29:48 | Create | Villager (Male) |
| 30:04 | Build | Farm |
| 30:23 | Build | Mining Camp |
| 30:26 | Research | Gold Shaft Mining |
Build order — Vae Victis
First 150 of 160 actions detected
| 0:05 | Create | Villager (Male) |
| 0:06 | Research | Loom |
| 0:06 | Create | Villager (Male) |
| 0:07 | Create | Villager (Male) |
| 0:07 | Create | Villager (Male) |
| 0:23 | Build | House |
| 0:25 | Build | House |
| 2:18 | Create | Villager (Male) |
| 2:48 | Create | Villager (Male) |
| 3:03 | Create | Villager (Male) |
| 3:37 | Create | Villager (Male) |
| 4:07 | Build | Lumber Camp |
| 4:13 | Create | Villager (Male) |
| 4:30 | Create | Villager (Male) |
| 4:50 | Create | Villager (Male) |
| 5:10 | Build | House |
| 5:19 | Create | Villager (Male) |
| 5:20 | Create | Villager (Male) |
| 6:31 | Create | Villager (Male) |
| 6:31 | Create | Villager (Male) |
| 6:46 | Build | House |
| 6:48 | Build | House |
| 7:43 | Build | Mill |
| 8:54 | Research | Feudal Age |
| 10:39 | Create | Villager (Male) |
| 10:39 | Create | Villager (Male) |
| 11:04 | Age | Feudal Age |
| 11:42 | Build | Mining Camp |
| 11:55 | Create | Villager (Male) |
| 11:55 | Create | Villager (Male) |
| 11:56 | Create | Villager (Male) |
| 11:56 | Create | Villager (Male) |
| 12:55 | Create | Villager (Male) |
| 12:55 | Create | Villager (Male) |
| 12:57 | Create | Villager (Male) |
| 12:57 | Create | Villager (Male) |
| 13:07 | Research | Double-Bit Axe |
| 13:29 | Create | Villager (Male) |
| 13:29 | Create | Villager (Male) |
| 14:14 | Research | Horse Collar |
| 14:52 | Build | House |
| 15:10 | Build | Mining Camp |
| 15:25 | Build | Blacksmith |
| 15:59 | Create | Villager (Male) |
| 16:00 | Create | Villager (Male) |
| 16:01 | Create | Villager (Male) |
| 16:01 | Create | Villager (Male) |
| 16:24 | Build | Barracks |
| 16:42 | Build | Farm |
| 16:44 | Build | Farm |
| 16:45 | Build | Farm |
| 16:46 | Build | Farm |
| 16:47 | Build | Farm |
| 16:49 | Build | Farm |
| 16:50 | Build | Farm |
| 16:52 | Build | Farm |
| 16:53 | Build | Farm |
| 16:55 | Build | Farm |
| 17:23 | Build | Archery Range |
| 17:29 | Build | House |
| 17:50 | Research | Wheelbarrow |
| 18:53 | Build | House |
| 18:55 | Build | House |
| 18:56 | Build | House |
| 18:57 | Build | House |
| 19:09 | Create | Villager (Male) |
| 19:10 | Create | Villager (Male) |
| 20:08 | Create | Villager (Male) |
| 20:43 | Research | Castle Age |
| 20:57 | Build | Market |
| 21:13 | Research | Gold Mining |
| 21:35 | Build | Archery Range |
| 21:38 | Build | Archery Range |
| 21:40 | Build | Archery Range |
| 21:47 | Build | Barracks |
| 21:48 | Build | Barracks |
| 22:02 | Build | Stable |
| 22:31 | Build | Market |
| 23:23 | Age | Castle Age |
| 23:34 | Research | Heavy Plow |
| 23:39 | Research | Bow Saw |
| 24:12 | Build | Castle |
| 24:19 | Create | Villager (Male) |
| 24:20 | Create | Villager (Male) |
| 24:21 | Create | Villager (Male) |
| 24:21 | Create | Villager (Male) |
| 24:22 | Create | Villager (Male) |
| 24:22 | Create | Villager (Male) |
| 24:42 | Build | Town Center |
| 25:00 | Research | Gold Mining |
| 25:04 | Research | Stone Mining |
| 26:30 | Create | Genoese Crossbowman |
| 26:30 | Create | Genoese Crossbowman |
| 26:31 | Create | Genoese Crossbowman |
| 26:31 | Create | Genoese Crossbowman |
| 26:31 | Create | Genoese Crossbowman |
| 26:32 | Create | Genoese Crossbowman |
| 26:33 | Create | Genoese Crossbowman |
| 26:34 | Create | Genoese Crossbowman |
| 26:34 | Create | Genoese Crossbowman |
| 26:34 | Create | Genoese Crossbowman |
| 26:46 | Create | Villager (Male) ×5 |
| 26:47 | Create | Villager (Male) ×5 |
| 26:58 | Research | Town Watch |
| 27:08 | Research | Fletching |
| 27:25 | Build | University |
| 27:41 | Research | Bodkin Arrow |
| 28:47 | Create | Genoese Crossbowman |
| 28:47 | Create | Genoese Crossbowman |
| 28:47 | Create | Genoese Crossbowman |
| 28:48 | Create | Genoese Crossbowman |
| 28:48 | Create | Genoese Crossbowman |
| 28:48 | Create | Genoese Crossbowman |
| 28:48 | Create | Genoese Crossbowman |
| 28:58 | Research | Thumb Ring |
| 29:03 | Research | Ballistics |
| 31:50 | Create | Genoese Crossbowman ×5 |
| 31:51 | Create | Genoese Crossbowman ×5 |
| 32:42 | Build | Stone Wall |
| 32:47 | Build | Building 487 |
| 33:18 | Research | Imperial Age |
| 33:23 | Research | Padded Archer Armor |
| 34:20 | Research | Fortified Wall (upgrade) |
| 34:34 | Build | Monastery |
| 34:42 | Create | Villager (Male) ×3 |
| 36:22 | Build | Mining Camp |
| 36:26 | Research | Squires |
| 36:28 | Research | Arson |
| 36:28 | Age | Imperial Age |
| 36:35 | Research | Leather Archer Armor |
| 36:55 | Create | Monk |
| 36:55 | Create | Monk |
| 36:56 | Create | Monk |
| 37:30 | Create | Genoese Crossbowman ×5 |
| 37:31 | Create | Genoese Crossbowman ×5 |
| 37:37 | Research | Bracer |
| 39:49 | Research | Ring Archer Armor |
| 39:54 | Research | Sanctity |
| 40:05 | Research | Hand Cart |
| 40:16 | Build | Town Center |
| 41:00 | Research | Chemistry |
| 41:17 | Create | Villager (Male) |
| 41:28 | Build | Lumber Camp |
| 44:02 | Research | Arrowslits |
| 44:15 | Build | Farm |
| 44:17 | Build | Farm |
| 44:18 | Build | Farm |
| 44:20 | Build | Farm |
| 44:22 | Build | Farm |
| 44:23 | Build | Farm |
Build order — 鹿过
First 150 of 422 actions detected
| 0:00 | Create | Villager (Male) |
| 0:01 | Create | Villager (Male) |
| 0:01 | Create | Villager (Male) |
| 0:04 | Build | House |
| 0:07 | Build | House |
| 0:43 | Build | House |
| 0:48 | Create | Villager (Male) |
| 1:38 | Create | Villager (Male) |
| 2:06 | Build | Lumber Camp |
| 2:21 | Create | Villager (Male) |
| 2:44 | Create | Villager (Male) |
| 3:30 | Create | Villager (Male) |
| 3:31 | Create | Villager (Male) |
| 3:31 | Create | Villager (Male) |
| 4:29 | Create | Villager (Male) |
| 4:51 | Create | Villager (Male) |
| 4:51 | Create | Villager (Male) |
| 5:01 | Build | House |
| 5:16 | Build | Mill |
| 5:55 | Create | Villager (Male) |
| 5:56 | Create | Villager (Male) |
| 6:47 | Create | Villager (Male) |
| 6:47 | Create | Villager (Male) |
| 7:12 | Create | Villager (Male) |
| 7:13 | Create | Villager (Male) |
| 8:00 | Research | Feudal Age |
| 9:09 | Build | Farm |
| 9:10 | Build | Farm |
| 9:12 | Build | Farm |
| 9:25 | Build | Mining Camp |
| 9:31 | Build | Farm |
| 9:35 | Create | Villager (Male) |
| 10:11 | Build | Farm |
| 10:13 | Build | Farm |
| 10:15 | Build | Farm |
| 10:38 | Create | Villager (Male) |
| 10:40 | Age | Feudal Age |
| 11:01 | Research | Double-Bit Axe |
| 11:31 | Create | Villager (Male) |
| 11:38 | Build | House |
| 11:41 | Build | House |
| 11:50 | Research | Loom |
| 11:57 | Create | Villager (Male) |
| 12:30 | Build | Blacksmith |
| 12:38 | Build | Blacksmith |
| 12:41 | Create | Villager (Male) |
| 12:49 | Build | Farm |
| 13:13 | Build | Market |
| 13:22 | Build | House |
| 13:23 | Create | Villager (Male) |
| 13:24 | Create | Villager (Male) |
| 13:40 | Build | Farm |
| 13:57 | Build | Mining Camp |
| 14:13 | Create | Villager (Male) |
| 14:15 | Research | Horse Collar |
| 14:42 | Build | Mining Camp |
| 14:53 | Create | Villager (Male) |
| 14:54 | Research | Castle Age |
| 15:17 | Build | Barracks |
| 15:43 | Build | Farm |
| 15:44 | Build | Farm |
| 16:39 | Build | Archery Range |
| 16:51 | Create | Spearman |
| 17:21 | Create | Villager (Male) |
| 17:22 | Create | Villager (Male) |
| 17:31 | Research | Stone Mining |
| 17:58 | Age | Castle Age |
| 18:08 | Build | House |
| 18:34 | Build | Farm |
| 18:44 | Create | Skirmisher |
| 18:45 | Create | Skirmisher |
| 18:52 | Build | Siege Workshop |
| 19:13 | Create | Villager (Male) |
| 19:14 | Create | Villager (Male) |
| 19:51 | Create | Mangonel |
| 20:12 | Create | Villager (Male) |
| 20:12 | Create | Villager (Male) |
| 20:12 | Create | Villager (Male) |
| 20:13 | Create | Villager (Male) |
| 20:57 | Build | Castle |
| 21:49 | Create | Villager (Male) |
| 21:49 | Create | Villager (Male) |
| 21:50 | Create | Villager (Male) |
| 21:59 | Create | Mangonel |
| 22:28 | Build | Castle |
| 22:59 | Create | Villager (Male) |
| 22:59 | Create | Villager (Male) |
| 23:14 | Create | Villager (Male) |
| 23:15 | Create | Villager (Male) |
| 23:28 | Create | Battering Ram |
| 23:29 | Create | Battering Ram |
| 23:45 | Create | Janissary |
| 23:45 | Create | Janissary |
| 24:20 | Build | House |
| 24:34 | Create | Villager (Male) |
| 24:34 | Create | Villager (Male) |
| 24:34 | Create | Villager (Male) |
| 24:49 | Create | Janissary |
| 24:50 | Create | Janissary |
| 25:10 | Create | Janissary |
| 25:10 | Create | Janissary |
| 25:14 | Create | Villager (Male) |
| 25:14 | Create | Villager (Male) |
| 25:14 | Create | Villager (Male) |
| 25:18 | Build | Town Center |
| 25:48 | Build | House |
| 25:51 | Build | House |
| 26:12 | Build | Monastery |
| 26:54 | Create | Villager (Male) |
| 26:55 | Create | Villager (Male) |
| 26:55 | Create | Villager (Male) |
| 26:56 | Create | Villager (Male) |
| 27:26 | Create | Janissary |
| 27:27 | Create | Janissary |
| 27:43 | Create | Villager (Male) |
| 27:44 | Create | Villager (Male) |
| 27:44 | Create | Villager (Male) |
| 27:45 | Create | Villager (Male) |
| 27:47 | Build | Farm |
| 27:47 | Build | Farm |
| 28:26 | Create | Janissary |
| 28:26 | Create | Janissary |
| 28:33 | Build | House |
| 29:07 | Build | House |
| 29:42 | Build | Castle |
| 30:13 | Create | Villager (Male) |
| 30:13 | Create | Villager (Male) |
| 30:14 | Create | Villager (Male) |
| 30:15 | Create | Villager (Male) |
| 30:27 | Build | University |
| 30:55 | Create | Monk |
| 31:05 | Create | Villager (Male) |
| 31:05 | Create | Villager (Male) |
| 31:06 | Create | Villager (Male) |
| 31:07 | Create | Villager (Male) |
| 31:11 | Build | Mining Camp |
| 31:22 | Build | Mining Camp |
| 31:44 | Build | Castle |
| 31:57 | Build | House |
| 32:17 | Build | House |
| 32:42 | Create | Villager (Male) |
| 32:42 | Create | Villager (Male) |
| 32:48 | Create | Spearman |
| 32:48 | Create | Spearman |
| 32:49 | Create | Spearman |
| 32:49 | Create | Spearman |
| 33:06 | Create | Janissary |
| 33:06 | Create | Janissary |
| 33:07 | Create | Janissary |
| 33:07 | Create | Janissary |
Match timeline
| 9:24 | Asturon · age_up feudal |
| 10:34 | buraktaylaweb · age_up feudal |
| 10:40 | 鹿过 · age_up feudal |
| 11:04 | Vae Victis · age_up feudal |
| 11:50 | buraktaylaweb · wall_segment Stone Wall x1 |
| 11:51 | buraktaylaweb · wall_segment Stone Wall x1 |
| 11:57 | buraktaylaweb · wall_segment Stone Wall x8 |
| 12:14 | NAPOLEON1096 · first_building Barracks |
| 12:25 | House of Bebu · age_up feudal |
| 12:34 | LegionZxDooM · first_building Barracks |
| 13:49 | House of Bebu · first_building Barracks |
| 14:31 | buraktaylaweb · first_building Barracks |
| 14:55 | Asturon · wall_segment Palisade Wall x1 |
| 15:10 | Asturon · wall_segment Palisade Wall x1 |
| 15:17 | 鹿过 · first_building Barracks |
| 15:18 | Asturon · wall_segment Palisade Wall x1 |
| 15:59 | House of Bebu · first_building Stable |
| 16:16 | NAPOLEON1096 · wall_segment Stone Wall x20 |
| 16:24 | Vae Victis · first_building Barracks |
| 16:39 | 鹿过 · first_building Archery Range |
| 16:45 | House of Bebu · age_up castle |
| 16:48 | ColonelPacha · first_building Barracks |
| 17:00 | buraktaylaweb · first_building Archery Range |
| 17:23 | Vae Victis · first_building Archery Range |
| 17:50 | ColonelPacha · first_building Archery Range |
| 17:58 | 鹿过 · age_up castle |
| 18:00 | LegionZxDooM · first_market_sell 100 stone |
| 18:04 | Asturon · age_up castle |
| 18:13 | House of Bebu · first_building Monastery |
| 18:29 | LegionZxDooM · first_market_buy 100 wood |
| 18:52 | 鹿过 · first_building Siege Workshop |
| 20:10 | NAPOLEON1096 · first_building Stable |
| 20:20 | NAPOLEON1096 · first_building Archery Range |
| 20:57 | 鹿过 · first_building Castle |
| 22:01 | Asturon · first_building Castle |
| 22:02 | Vae Victis · first_building Stable |
| 22:49 | House of Bebu · first_building Castle |
| 23:23 | Vae Victis · age_up castle |
| 23:46 | buraktaylaweb · first_building Stable |
| 24:03 | buraktaylaweb · wall_segment Stone Wall x16 |
| 24:06 | NAPOLEON1096 · wall_segment Stone Wall x8 |
| 24:12 | Vae Victis · first_building Castle |
| 24:52 | NAPOLEON1096 · first_building Castle |
| 26:12 | 鹿过 · first_building Monastery |
| 26:51 | ColonelPacha · first_building Siege Workshop |
| 27:44 | buraktaylaweb · wall_segment Stone Wall x10 |
| 27:57 | buraktaylaweb · age_up castle |
| 28:19 | Asturon · first_building Siege Workshop |
| 29:54 | Asturon · age_up imperial |
| 31:39 | ColonelPacha · first_building Monastery |
| 31:56 | House of Bebu · first_building Siege Workshop |
| 32:42 | Vae Victis · wall_segment Stone Wall x24 |
| 34:34 | Vae Victis · first_building Monastery |
| 35:53 | Asturon · first_building Barracks |
| 36:22 | House of Bebu · first_building Archery Range |
| 36:28 | Vae Victis · age_up imperial |
| 36:31 | House of Bebu · age_up imperial |
| 36:44 | buraktaylaweb · first_building Castle |
| 37:54 | 鹿过 · age_up imperial |
| 38:41 | ColonelPacha · first_building Castle |
| 41:22 | buraktaylaweb · first_building Monastery |
| 42:45 | buraktaylaweb · first_building Siege Workshop |
| 42:50 | buraktaylaweb · age_up imperial |
| 47:55 | LegionZxDooM · first_building Monastery |
| 50:57 | Asturon · resign |
[ AI ANALYSIS · 1 CREDIT ]
What really happened in this match?
Wolo.gg analyzes every decision: build order, eco, micro, common mistakes by bracket. Personalized analysis on WhatsApp or Discord in 30 seconds.
Civ guide
Jurchens
Map guide
Arena
Perfil
ColonelPacha